 Dungeon Crawl Stone Soup version 0.25.1-2-g60ff931df9 (webtiles) character file.

Game seed: 17161582742759043944

36 Turner1 the Skirmisher (level 3, -1/29 HPs)
             Began as a Demonspawn Abyssal Knight on Oct 12, 2020.
             Was a Believer of Lugonu.
             Succumbed to a worker ant's poison
             ... on level 2 of the Dungeon.
             The game lasted 00:03:03 (1152 turns).

Turner1 the Skirmisher (Demonspawn Abyssal Knight)  Turns: 1152, Time: 00:03:03

Health: -1/29      AC:  3    Str: 13    XL:     3   Next: 19%
Magic:  3/4        EV: 11    Int: 13    God:    Lugonu [**....]
Gold:   78         SH:  0    Dex: 12    Spells: 2/2 levels left

rFire    . . .     SeeInvis .   a - +1 falchion
rCold    . . .     Gourm    .   (no shield)
rNeg     . . .     Faith    .   b - +0 leather armour
rPois    .         Spirit   .   (helmet restricted)
rElec    .         Reflect  .   (no cloak)
rCorr    .         Harm     .   (no gloves)
MR       .....                  (no boots)
Stlth    +.........             (no amulet)
HPRegen  0.09/turn              (no ring)
MPRegen  0.09/turn              (no ring)

@: lethally poisoned (-1 -> -18)
A: horns 1
a: Depart the Abyss, Bend Space, Renounce Religion


You were on level 2 of the Dungeon.
You worshipped Lugonu.
Lugonu was pleased with you.
You were hungry.

You visited 1 branch of the dungeon, and saw 2 of its levels.
You visited the Abyss 1 time.

You collected 78 gold pieces.

Inventory:

Hand Weapons
 a - a +1 falchion (weapon)
Armour
 b - a +0 leather armour (worn)
Scrolls
 d - a scroll of fog {unknown}
 e - 2 scrolls of teleportation {unknown}
 h - 2 scrolls of identify {unknown}
Comestibles
 c - 4 rations


   Skills:
 + Level 3.6 Fighting
 + Level 2.2 Long Blades
 + Level 2.2 Armour
 + Level 1.0 Dodging
 * Level 2.5 Invocations


You had 2 spell levels left.
You didn't know any spells.
Your spell library was empty.

Dungeon Overview and Level Annotations

Branches:
Dungeon (2/15)

Altars:


Innate Abilities, Weirdness & Mutations

You have a pair of small horns on your head.


Message History

The worker ant bites you but does no damage.
You completely miss the worker ant.
The worker ant is moderately wounded.
You feel sick. The worker ant bites you.
You are lethally poisoned!
The worker ant poisons you!
You closely miss the worker ant.
You headbutt the worker ant, but do no damage.
The worker ant is moderately wounded.
You feel sick. The worker ant bites you.
* * * LOW HITPOINT WARNING * * *
You fail to use your ability.
* * * LOW HITPOINT WARNING * * *
You feel sick. The worker ant barely misses you. The worker ant bites you.
* * * LOW HITPOINT WARNING * * *
You are more poisoned.
The worker ant poisons you!
Unknown command.
Space bends around you!
You blink.
You die...

.#.####.#
###.....#
.#.######.#
#.#(...?..#
#.#a#######
#.#ยง#
#.#.#
####.#.#(#
.......@.#
###)...###
.......
###...#
##.# .. .#
#.


You could see a worker ant.

Vanquished Creatures
  An adder (D:1)
  A worm (D:2)
  A dart slug (D:2)
  3 bats (D:1)
  A giant cockroach (D:1)
  2 goblins
  3 hobgoblins (D:1)
  7 kobolds
  4 rats (D:1)
23 creatures vanquished.

Notes
Turn   | Place    | Note
-------+----------+-------------------------------------------
     0 | Abyss:1  | Turner1 the Demonspawn Abyssal Knight began the quest for
                  | the Orb.
     0 | Abyss:1  | Reached XP level 1. HP: 18/18 MP: 2/2
    22 | D:1      | Escaped the Abyss
   228 | D:1      | Gained mutation: You have a pair of small horns on your
                  | head. [demonic ancestry]
   228 | D:1      | Reached XP level 2. HP: 6/24 MP: 3/3
   498 | D:1      | HP: 1/24 [kobold (1)]
   499 | D:1      | Reached ** piety under Lugonu
   943 | D:2      | Reached XP level 3. HP: 16/29 MP: 4/4
   950 | D:2      | Reached skill level 1 in Dodging
  1152 | D:2      | Succumbed to a worker ant's poison

Illustrated notes

Levels and vault maps discovered:
D:1:      eino_arrival_druids_welcome, layout_rooms
D:2:      layout_loops_ring, nicolae_dithmenos_through_a_glass_darkly,
          lemuel_crystal_altar, lemuel_round_altar,
          chequers_ecumenical_altar_simple

Skill      XL: |  1  2  3 |
---------------+----------+-----
Armour         | 2 |  2.2
Long Blades    | 2 |  2.2
Dodging        | 1 |  1.0
Fighting       | |  3.6
Invocations    | |  2.5

Action                   || total
-------------------------++-------
Melee: Falchion          ||    63
       Headbutt          ||     4
Invok: Bend Space        ||     1
  Use: Potion            ||     1
Armor: Leather armour    ||    24
Dodge: Dodged            ||    50
       Rpst.: Falchion   ||    15
